 Dungeon Crawl Stone Soup version 0.31-a0-986-g5e6e4ef867 (webtiles) character file.

Game seed: 1676932146259981602

98 mattiecakes the Trooper (level 4, 0/29 HPs)
             Began as a Gargoyle Fighter on Nov 6, 2023.
             Was a Follower of the Shining One.
             Slain by a cerulean imp
             ... wielding a +1 spear
             ... summoned by thalassios's ghost
              (2 damage)
             ... on level 3 of the Dungeon.
             The game lasted 00:03:49 (1661 turns).

mattiecakes the Trooper (Gargoyle Fighter)          Turns: 1661, Time: 00:03:50

Health: 0/29       AC: 11    Str: 20    XL:     4   Next: 71%
Magic:  1/4        EV:  9    Int: 13    God:    the Shining One [*.....]
Gold:   67         SH: 10    Dex:  8    Spells: 3/3 levels left

rFire   . . .        a - +0 war axe
rCold   . . .        c - +0 buckler
rNeg    + . .        b - +0 scale mail
rPois   ∞            (helmet restricted)
rElec   +            (no cloak)
rCorr   .            m - +0 pair of gloves
SInv    +            (no boots)
Will    .....        (no amulet) Stlth
                     o - ring of see invisible
HPRegen 0.24/turn    (no ring)
MPRegen 0.09/turn

%: no passive effects
@: divinely shielded, glowing
A: sickness immunity, AC +3, negative energy resistance 1, electricity
resistance, torment resistance 1, petrification resistance, antennae 1, clever
1, low MP 1, MP-powered wands
a: Renounce Religion, Divine Shield


You were on level 3 of the Dungeon.
You worshipped the Shining One.
The Shining One was aware of your devotion.
You visited 1 branch of the dungeon, and saw 3 of its levels.

You collected 67 gold pieces.

Inventory:

Hand Weapons
 a - a +0 war axe (weapon)
Armour
 b - a +0 scale mail (worn)
 c - a +0 buckler (worn)
 i - a +0 helmet
 m - a +0 pair of gloves (worn)
Jewellery
 o - a ring of see invisible (left hand)
Scrolls
 e - a scroll of immolation {unknown}
 f - a scroll of butterflies {unknown}
 g - 2 scrolls of poison {unknown}
 h - a scroll of fog {unknown}
 j - a scroll of teleportation {unknown}
 l - a scroll of fear {unknown}
 n - a scroll of enchant weapon {unknown}
 p - 2 scrolls of brand weapon {unknown}
 q - 2 scrolls of identify {unknown}
Potions
 d - a potion of might
 r - a potion of heal wounds {unknown}


   Skills:
 + Level 4.0 Fighting
 + Level 2.5 Axes
 + Level 4.0 Armour
 + Level 4.0 Shields
 + Level 1.0 Invocations


You had 3 spell levels left.
You didn't know any spells.
Your spell library contained the following spells:

 Spells                   Type           Power      Damage    Failure   Level
 Olgreb's Toxic Radiance  Pois           0%         N/A       100%        4
 Discord                  Hex            0%         N/A       100%        8
 Ignition                 Fire           0%         3d3       100%        8


Dungeon Overview and Level Annotations

Branches:
Dungeon (3/15)

Altars:
Sif Muna
The Shining One

Annotations:
D:3 thalassios's ghost, amateur DjSu


Innate Abilities, Weirdness & Mutations

You are immune to sickness and miasma.
Your stone body is resilient. (AC +3)
You are immune to poison.
You resist negative energy. (rN+)
You are resistant to electric shocks. (rElec)
You are resistant to unholy torment.
You are immune to petrification.
You have a pair of small antennae on your head.
Your mind is acute. (Int +4, Str/Dex -1)
Your magical capacity is low. (-10% MP)
You expend magic power (3 MP) to strengthen your wands.


Message History

Thalassios's ghost is heavily damaged.
The cerulean imp hits you but does no damage.
Thalassios's ghost hits you. Thalassios's ghost freezes you.
The cerulean imp hits you from afar with a +1 spear.
You slash thalassios's ghost!
Thalassios's ghost is almost destroyed.
Thalassios's ghost hits you but does no damage.
The cerulean imp closely misses you. Thalassios's ghost freezes you.
You are frozen!
You are too injured to fight recklessly!
Unknown command.
Unknown command.
Your shield is strengthened by the Shining One's divine power.
You block the cerulean imp's attack.
Thalassios's ghost hits you but does no damage.
You barely miss thalassios's ghost.
Thalassios's ghost is almost destroyed.
The cerulean imp hits you from afar with a +1 spear.
Thalassios's ghost hits you but does no damage.
The cerulean imp hits you but does no damage.
You hit thalassios's ghost but do no damage.
Thalassios's ghost is almost destroyed.
Thalassios's ghost whispers, "Trust me.
Just give in."
Thalassios's ghost hits you.
* * * LOW HITPOINT WARNING * * *
Thalassios's ghost freezes you.
* * * LOW HITPOINT WARNING * * *
The cerulean imp hits you from afar with a +1 spear.
* * * LOW HITPOINT WARNING * * *
Unknown command.
Unknown command.
It was a potion of mutation.
You feel extremely strange.
You feel less energetic. A pair of antennae grows on your head!
Your +0 helmet falls away!
You feel your magical essence link to the dungeon's wands.
You feel clever.
Thalassios's ghost gestures wildly while chanting.
The cerulean imp hits you from afar with a +1 spear.
You die...

#.....#########.....
#.....##...#.....####
#.....##.#.#.###...
#........#.#.###.##
##########'#.....#
#.....†....#
#...†......#
#..........#
#.....5.@.!#
#.....##W###
#.[...#5b~#
#.....#~~~#
.......#~~~#
##.....#~~~# ####
#~(~# #~~~# #~~~#


You could see thalassios's ghost, 2 cerulean imps and a bat (summoned).

Vanquished Creatures
  Jessica (D:2)
  An adder (D:3)
  A river rat (D:3)
  A worm (D:3)
  2 dart slugs (D:1)
  6 ball pythons
  7 endoplasms
  A giant cockroach (D:3)
  2 goblins (D:2)
  4 hobgoblins
  4 jackals (D:1)
  5 kobolds
  2 quokkas
  2 bats
  3 frilled lizards
  3 rats
45 creatures vanquished.

Notes
Turn   | Place    | Note
-------+----------+-------------------------------------------
     0 | D:1      | mattiecakes the Gargoyle Fighter began the quest for the
                  | Orb.
     0 | D:1      | Reached XP level 1. HP: 14/14 MP: 1/1
   131 | D:1      | Reached XP level 2. HP: 11/19 MP: 2/2
   470 | D:1      | Reached XP level 3. HP: 21/23 MP: 3/3
  1055 | D:2      | Found a faded altar of an unknown god.
  1225 | D:2      | Prayed at the altar of an unknown god.
  1225 | D:2      | Became a worshipper of the Shining One
  1225 | D:2      | Reached * piety under the Shining One
  1331 | D:2      | Noticed Jessica
  1338 | D:2      | Killed Jessica
  1339 | D:2      | Reached XP level 4. HP: 22/29 MP: 4/4
  1530 | D:3      | Found a shimmering blue altar of Sif Muna.
  1636 | D:3      | Found a runed translucent door.
  1644 | D:3      | Noticed thalassios's ghost (amateur DjSu)
  1652 | D:3      | Reached skill level 1 in Invocations
  1661 | D:3      | Gained mutation: Your magical capacity is low. (-10% MP)
                  | [potion of mutation]
  1661 | D:3      | Gained mutation: You have a pair of small antennae on your
                  | head. [potion of mutation]
  1661 | D:3      | Gained mutation: You expend magic power (3 MP) to
                  | strengthen your wands. [potion of mutation]
  1661 | D:3      | Gained mutation: Your mind is acute. (Int +4, Str/Dex -1)
                  | [potion of mutation]
  1661 | D:3      | Slain by a cerulean imp

Illustrated notes

Levels and vault maps discovered:
D:1:      nzn_arrival_settlement, layout_loops_ring
D:2:      layout_loops_ring, ebering_ecumenical_altar_rust, uniq_jessica
D:3:      minmay_thinvault, layout_basic, trog_hazing_becter,
          nicolae_qazlal_style_of_elements, nicolae_elyvilon_temple_path,
          old_standard_altar, ebering_ghost_sewer_f, kennysheep_boxes

Skill      XL: |  1  2  3  4 |
---------------+-------------+-----
Axes           | 2 |  2.5
Fighting       | 4 |  4.0
Armour         | 4 |  4.0
Shields        | 4 |  4.0
Invocations    | 1 |  1.0

Action                     |  1- 3 |  4- 6 || total
---------------------------+-------+-------++-------
  Melee: War axe           |    79 |    33 ||   112
 Invoke: Divine Shield     |       |     1 ||     1
    Use: Potion            |       |     1 ||     1
 Armour: Scale mail        |    58 |    24 ||    82
  Dodge: Dodged            |    34 |    17 ||    51
  Block: Buckler           |    25 |     8 ||    33

Table legend: (Time is in decaauts)
 A = Elapsed time spent in this place.
 B = Non-inter-level travel time spent in this place.
 C = Inter-level travel time spent in this place.
 D = Time resting spent in this place.
 E = Time spent auto-exploring this place.
 F = Levels seen in this place.
 G = Mean time per level.
                   A        B        C        D        E       F      G
               +--------+--------+--------+--------+--------+-----+--------+
         Total |   1711 |   1642 |     69 |     42 |   1259 |   3 |  570.3 |
       Dungeon |   1711 |   1642 |     69 |     42 |   1259 |   3 |  570.3 |
               +--------+--------+--------+--------+--------+-----+--------+

Top non-repeatable levels by time:
     D:1: 774 daAuts
     D:2: 752 daAuts
     D:3: 184 daAuts
